Map: Ulrena

Players

Zergerr

  • Race: Zerg Zerg
  • League: Diamond

LilDicky - Winner!

  • Race: Terran Terran
  • League: Diamond

VOD

http://www.twitch.tv/tumescentpie

Description

Time

  • Played on: Dec. 14, 2015, 10:53 p.m.
  • Length: 6:10
Show
View Real Time Build Order
Export as new Build Order

Zergerr Zerg 

Build Orders: Pool First 

Get SALT Encoding   

  12  0:02  Drone  
  13  0:27  Overlord  
  13  0:28  Drone  
  14  0:36  Spawning Pool  
  14  0:38  Drone  
  14  1:00  Drone x3  
  17  1:16  Hatchery  
  16  1:21  Extractor  
  15  1:35  Queen  
  15  1:37  Zergling x4  
  15  1:38  Drone  
  20  1:48  Drone  
  21  2:01  Overlord  
  21  2:10  Drone  
  22  2:26  Drone  
  22  2:27  Hatchery  
  22  2:28  Drone  
  23  2:35  Queen  
  25  2:43  Metabolic Boost  
  25  2:53  Drone x2  
  25  2:55  Drone  
  25  2:57  Drone  
  29  3:01  Drone  
  29  3:04  Drone  
  31  3:08  Drone  
  31  3:26  Drone x4  
  35  3:37  Lair  
  35  3:38  Overlord x2  
  35  3:45  Roach Warren  
  34  3:50  Drone x2  
  34  3:51  Drone  
  36  4:06  Drone x7  
  36  4:07  Drone  
  36  4:09  Drone  
  45  4:14  Overlord  
  45  4:17  Overlord  
  45  4:21  Overlord  
  45  4:26  Extractor  
  45  4:28  Extractor  
  45  4:30  Drone x3, Extractor  
  45  4:31  Roach  
  45  4:33  Roach  
  45  4:36  Roach  
  51  4:38  Roach  
  51  4:41  Roach  
  51  4:44  Roach  
  57  4:49  Roach x2  
  58  4:56  Queen  
  58  5:04  Queen  
  58  5:22  Roach  
  58  5:23  Overlord x2  
  58  5:25  Roach  
  58  5:27  Roach  
  58  5:33  Overlord x2  
  54  5:36  Overlord  
  54  5:37  Overlord  
Show
View Real Time Build Order
Export as new Build Order

LilDicky Terran - Winner!

Build Orders:  

Get SALT Encoding   

  12  0:01  SCV  
  13  0:13  SCV  
  14  0:18  Supply Depot  
  14  0:25  SCV  
  15  0:39  SCV  
  15  0:41  Refinery  
  16  0:44  Barracks  
  16  1:01  SCV  
  17  1:13  SCV  
  19  1:25  SCV  
  19  1:31  Reaper  
  20  1:33  Supply Depot  
  20  1:37  Orbital Command  
  20  1:46  Refinery  
  20  2:03  Factory, Marine  
  22  2:08  SCV  
  22  2:12  Supply Depot  
  22  2:23  Marine  
  22  2:26  SCV  
  24  2:40  SCV  
  24  2:41  Marine  
  26  2:46  Armory  
  26  2:48  Factory Tech Lab, Starport  
  26  2:53  SCV  
  26  2:57  Supply Depot  
  27  3:05  SCV  
  28  3:19  Marine  
  28  3:23  Medivac  
  28  3:26  SCV  
  31  3:37  Marine  
  32  3:43  Thor  
  32  3:44  Supply Depot  
  32  3:45  SCV  
  39  3:55  Marine  
  39  4:00  Liberator  
  39  4:12  Marine  
  40  4:18  SCV  
  40  4:21  Supply Depot  
  44  4:30  Marine  
  45  4:39  Siege Tank  
  48  4:48  Marine  
  49  5:06  Marine  
  49  5:26  Marine  
  50  5:37  Barracks  
  50  5:39  Barracks  
  50  5:41  Command Center  
Tags
 
Add a new tag
Caveats
  • Supply blocks, unpowered buildings, or Contaminate may cause inaccurate times.
  • Supply counts are checked every 10 seconds.